NCAA
MINNESOTA GOLDEN GOPHERS @ NORTH CAROLINA STATE WOLFPACK
05/20/2027
 
TOP OF THE 1ST
Minnesota Golden Gophers batting - Pitching for North Carolina State Wolfpack : LHP Mark Parker
Pitching: LHP Mark Parker
Batting: LHB Tony Ayala 0-0: Ball
1-0: Ball
2-0: Called Strike
2-1: Ball
3-1: Foul Ball, location: 2F
3-2: Hit by Pitch
Batting: RHB Mike Martínez 0-0: Ball
1-0: Swinging Strike
1-1: Foul Ball, location: 2F
1-2: Foul Ball, location: 2F
1-2: Strikes out swinging
Batting: RHB Tim Glendonwyn 0-0: Ball
Tony Ayala steals 2nd base
1-0: Ball
2-0: Ball
3-0: Base on Balls
Batting: RHB Christian Nash 0-0: Called Strike
0-1: Ball
1-1: Foul Ball, location: 2F
1-2: Ball
2-2: Strikes out swinging
Batting: RHB James Morris 0-0: Foul Ball, location: 2F
0-1: Ball
1-1: Foul Ball, location: 2F
1-2: Single, Error in OF, E7, batter to second base
Tony Ayala scores
Tim Glendonwyn to third
Batting: LHB Scott Rivera 0-0: Called Strike
0-1: Swinging Strike
0-2: Foul Ball, location: 2F
0-2: Ball
1-2: Ball
2-2: Strikes out swinging
Top of the 1st over - 1 run(s), 1 hit(s), 1 error(s), 2 left on base; Minnesota 1 - North Carolina State 0
BOTTOM OF THE 1ST
North Carolina State Wolfpack batting - Pitching for Minnesota Golden Gophers : LHP Ed Blake
Pitching: LHP Ed Blake
Batting: LHB Broderick Dempsey 0-0: Called Strike
0-1: Ground out 4-3 (Groundball, 34)
Batting: RHB Jorge García 0-0: Ball
1-0: Foul Ball, location: 2F
1-1: Ball
2-1: SINGLE (Flyball, 89M)
Batting: SHB Joel Clay 0-0: Called Strike
0-1: SINGLE (Groundball, 56D)
Jorge García to second
Batting: RHB Kyle Watkins 0-0: Called Strike
0-1: Foul Ball, location: 2F
0-2: Ball
1-2: Strikes out swinging
Batting: RHB Jonathon García 0-0: Foul Ball, location: 2F
0-1: Swinging Strike
0-2: Ball
Wild Pitch!
Jorge García to third
Joel Clay to second
1-2: Strikes out looking
Bottom of the 1st over - 0 run(s), 2 hit(s), 0 error(s), 2 left on base; Minnesota 1 - North Carolina State 0
TOP OF THE 2ND
Minnesota Golden Gophers batting - Pitching for North Carolina State Wolfpack : LHP Mark Parker
Batting: RHB Pedro García 0-0: SOLO HOME RUN (Flyball, 7D), Distance : 366 ft
Batting: RHB Miguel Rodríguez 0-0: Called Strike
0-1: Swinging Strike
0-2: Strikes out looking
Batting: RHB William Elliott 0-0: Ball
1-0: Ball
2-0: Ball
3-0: Foul Ball, location: 2F
3-1: Base on Balls
Batting: LHB Tony Ayala 0-0: Ball
1-0: Foul Ball, location: 2F
1-1: Fly out, F2 (Popup, 23)
Batting: RHB Mike Martínez 0-0: Ball
1-0: 2-RUN HOME RUN (Flyball, 78XD), Distance : 364 ft
Batting: RHB Tim Glendonwyn 0-0: Foul Ball, location: 2F
0-1: Ball
1-1: SOLO HOME RUN (Flyball, 7D), Distance : 344 ft
Batting: RHB Christian Nash 0-0: Ball
1-0: Called Strike
1-1: Foul Ball, location: 2F
1-2: Ground out 6-3 (Groundball, 6)
Top of the 2nd over - 4 run(s), 3 hit(s), 0 error(s), 0 left on base; Minnesota 5 - North Carolina State 0
BOTTOM OF THE 2ND
North Carolina State Wolfpack batting - Pitching for Minnesota Golden Gophers : LHP Ed Blake
Batting: RHB Alex Miller 0-0: Ball
1-0: Ball
2-0: Ball
3-0: Base on Balls
Batting: RHB Bart Wade 0-0: Foul Ball, location: 2F
0-1: Called Strike
0-2: Ball
1-2: Foul Ball, location: 2F
1-2: Ball
2-2: Ball
3-2: Strikes out swinging
Batting: RHB Roberto Landavazo 0-0: Ball
1-0: Ball
2-0: SINGLE (Flyball, 78S)
Alex Miller to second
Batting: LHB Steven Gregory 0-0: Ball
1-0: Foul Ball, location: 2F
1-1: Ball
2-1: Grounds into double play, 4-6-3 (Groundball, 4)
Bottom of the 2nd over - 0 run(s), 1 hit(s), 0 error(s), 1 left on base; Minnesota 5 - North Carolina State 0
TOP OF THE 3RD
Minnesota Golden Gophers batting - Pitching for North Carolina State Wolfpack : LHP Mark Parker
Batting: RHB James Morris 0-0: Swinging Strike
0-1: Foul Ball, location: 2F
0-2: Ball
1-2: DOUBLE (Flyball, 78D)
Batting: LHB Scott Rivera 0-0: Ball
1-0: Ball
2-0: Ball
3-0: Called Strike
3-1: Called Strike
3-2: Strikes out swinging
Batting: RHB Pedro García 0-0: Ball
1-0: Ground out 5-3 (Groundball, 56)
Batting: RHB Miguel Rodríguez 0-0: Ball
1-0: Ball
2-0: Called Strike
2-1: 2-RUN HOME RUN (Flyball, 7D), Distance : 370 ft
Batting: RHB William Elliott 0-0: Called Strike
0-1: Ball
1-1: Ball
2-1: Foul Ball, location: 2F
2-2: Strikes out looking
Top of the 3rd over - 2 run(s), 2 hit(s), 0 error(s), 0 left on base; Minnesota 7 - North Carolina State 0
BOTTOM OF THE 3RD
North Carolina State Wolfpack batting - Pitching for Minnesota Golden Gophers : LHP Ed Blake
Batting: LHB Broderick Dempsey 0-0: Ball
1-0: Ball
2-0: Ball
3-0: Called Strike
3-1: Ground out 5-3 (Groundball, 56)
Batting: RHB Jorge García 0-0: Ball
1-0: Swinging Strike
1-1: Ball
2-1: Fly out, F7 (Line Drive, 7LD)
Batting: SHB Joel Clay 0-0: Ball
1-0: Fly out, F7 (Flyball, 78S)
Bottom of the 3rd over - 0 run(s), 0 hit(s), 0 error(s), 0 left on base; Minnesota 7 - North Carolina State 0
TOP OF THE 4TH
Minnesota Golden Gophers batting - Pitching for North Carolina State Wolfpack : LHP Mark Parker
Pitching: LHP Brian Armstrong
Batting: LHB Tony Ayala 0-0: Ball
1-0: Ball
2-0: Foul Ball, location: 2F
2-1: Ball
3-1: Base on Balls
Batting: RHB Mike Martínez 0-0: Grounds into double play, 6-4-3 (Groundball, 6)
Batting: RHB Tim Glendonwyn 0-0: Foul Ball, location: 2F
0-1: Fly out, F8 (Flyball, 78M)
Top of the 4th over - 0 run(s), 0 hit(s), 0 error(s), 0 left on base; Minnesota 7 - North Carolina State 0
BOTTOM OF THE 4TH
North Carolina State Wolfpack batting - Pitching for Minnesota Golden Gophers : LHP Ed Blake
Batting: RHB Kyle Watkins 0-0: Called Strike
0-1: Fly out, F7 (Flyball, 7)
Batting: RHB Jonathon García 0-0: Ball
1-0: Ball
2-0: Foul Ball, location: 2F
2-1: Called Strike
2-2: Ball
3-2: Foul Ball, location: 2F
3-2: Base on Balls
Batting: RHB Alex Miller 0-0: Ball
1-0: Foul Ball, location: 2F
1-1: Called Strike
1-2: Ball
2-2: Strikes out swinging
Batting: RHB Bart Wade 0-0: Ball
1-0: Foul Ball, location: 2F
1-1: Foul Ball, location: 2F
1-2: Fly out, F9 (Flyball, 9)
Bottom of the 4th over - 0 run(s), 0 hit(s), 0 error(s), 1 left on base; Minnesota 7 - North Carolina State 0
TOP OF THE 5TH
Minnesota Golden Gophers batting - Pitching for North Carolina State Wolfpack : LHP Brian Armstrong
Batting: RHB Christian Nash 0-0: Called Strike
0-1: Swinging Strike
0-2: Foul Ball, location: 2F
0-2: Ball
1-2: Strikes out swinging
Batting: RHB James Morris 0-0: Ball
1-0: Called Strike
1-1: Ball
2-1: Foul Ball, location: 2F
2-2: Ground out 2-3 (Groundball, 2L)
Batting: LHB Scott Rivera 0-0: Called Strike
0-1: Foul Ball, location: 2F
0-2: Ball
1-2: Fly out, F7 (Line Drive, 7)
Top of the 5th over - 0 run(s), 0 hit(s), 0 error(s), 0 left on base; Minnesota 7 - North Carolina State 0
BOTTOM OF THE 5TH
North Carolina State Wolfpack batting - Pitching for Minnesota Golden Gophers : LHP Ed Blake
Batting: RHB Roberto Landavazo 0-0: Foul Ball, location: 2F
0-1: SINGLE (Groundball, 56S) (infield hit)
Batting: LHB Steven Gregory 0-0: Ball
1-0: Ball
2-0: Called Strike
2-1: SINGLE (Line Drive, 89S)
Roberto Landavazo to second
Batting: LHB Broderick Dempsey 0-0: Ball
1-0: Ball
2-0: Foul Ball, location: 2F
2-1: Ball
3-1: Base on Balls
Roberto Landavazo to third
Steven Gregory to second
Batting: RHB Jorge García 0-0: Ball
1-0: Ball
2-0: Ball
3-0: Base on Balls
Roberto Landavazo scores
Steven Gregory to third
Broderick Dempsey to second
Batting: SHB Joel Clay 0-0: Ball
1-0: Ball
Wild Pitch!
Steven Gregory scores
Broderick Dempsey to third
Jorge García to second
2-0: Foul Ball, location: 2F
2-1: Foul Ball, location: 2F
2-2: Strikes out swinging
Pitching: RHP Hoyt MacGregor
Batting: RHB Kyle Watkins 0-0: Ball
1-0: Ball
2-0: Called Strike
2-1: Called Strike
2-2: Ball
3-2: Foul Ball, location: 2F
3-2: Ground out 4-3 (Groundball, 34D)
Broderick Dempsey scores
Jorge García to third
Batting: RHB Jonathon García 0-0: Foul Ball, location: 2F
0-1: Ball
1-1: Ball
2-1: Ball
Passed Ball!
Jorge García scores
3-1: Swinging Strike
3-2: SINGLE (Groundball, 56D)
Batting: RHB Alex Miller 0-0: SINGLE (Line Drive, 56D)
Jonathon García to second
Batting: RHB Bart Wade 0-0: Called Strike
0-1: Called Strike
0-2: Strikes out swinging
Bottom of the 5th over - 4 run(s), 4 hit(s), 0 error(s), 2 left on base; Minnesota 7 - North Carolina State 4
TOP OF THE 6TH
Minnesota Golden Gophers batting - Pitching for North Carolina State Wolfpack : LHP Brian Armstrong
Batting: RHB Pedro García 0-0: Foul Ball, location: 2F
0-1: Ball
1-1: Ball
2-1: Ground out U3 (Groundball, 34)
Batting: RHB Miguel Rodríguez 0-0: Ball
1-0: Swinging Strike
1-1: Called Strike
1-2: Foul Ball, location: 2F
1-2: Ground out 5-3 (Groundball, 56)
Pitching: RHP Shawn Roberts
Batting: RHB William Elliott 0-0: Called Strike
0-1: SINGLE (Groundball, 6MD)
Batting: LHB Tony Ayala 0-0: Ball
1-0: Swinging Strike
1-1: Ball
William Elliott is caught stealing 2nd base
Top of the 6th over - 0 run(s), 1 hit(s), 0 error(s), 0 left on base; Minnesota 7 - North Carolina State 4
BOTTOM OF THE 6TH
North Carolina State Wolfpack batting - Pitching for Minnesota Golden Gophers : RHP Hoyt MacGregor
Batting: RHB Roberto Landavazo 0-0: Called Strike
0-1: Foul Ball, location: 2F
0-2: Ball
1-2: Foul Ball, location: 2F
1-2: Ball
2-2: Foul Ball, location: 2F
2-2: Ball
3-2: Base on Balls
Batting: LHB Steven Gregory 0-0: Called Strike
0-1: Ball
1-1: Foul Ball, location: 2F
1-2: SINGLE (Groundball, 34) (infield hit)
Roberto Landavazo to second
Batting: LHB Broderick Dempsey 0-0: Ball
1-0: Called Strike
1-1: Called Strike
1-2: Ball
2-2: Fielders Choice at 2nd, 5-4 (Groundball, 56)
Roberto Landavazo to third
Batting: RHB Jorge García 0-0: Ball
1-0: Swinging Strike
1-1: Called Strike
1-2: Foul Ball, location: 2F
1-2: Strikes out looking
Batting: SHB Joel Clay 0-0: Called Strike
0-1: Foul Ball, location: 2F
0-2: Ball
1-2: Ball
2-2: Ball
Broderick Dempsey is caught stealing 2nd base
Bottom of the 6th over - 0 run(s), 1 hit(s), 0 error(s), 0 left on base; Minnesota 7 - North Carolina State 4
TOP OF THE 7TH
Minnesota Golden Gophers batting - Pitching for North Carolina State Wolfpack : RHP Shawn Roberts
Batting: LHB Tony Ayala 0-0: Ball
1-0: Ball
2-0: Bunt for hit - play at first, batter OUT! 2-3
Batting: RHB Mike Martínez 0-0: Called Strike
0-1: Swinging Strike
0-2: DOUBLE (Flyball, 89D)
Batting: RHB Tim Glendonwyn 0-0: Intentional Walk
Batting: RHB Christian Nash 0-0: Called Strike
0-1: Ball
1-1: Grounds into double play, 5-4-3 (Groundball, 5)
Top of the 7th over - 0 run(s), 1 hit(s), 0 error(s), 1 left on base; Minnesota 7 - North Carolina State 4
BOTTOM OF THE 7TH
North Carolina State Wolfpack batting - Pitching for Minnesota Golden Gophers : RHP Hoyt MacGregor
Batting: SHB Joel Clay 0-0: Foul Ball, location: 2F
0-1: Fly out, F7 (Flyball, 78XD)
Batting: RHB Kyle Watkins 0-0: Ball
1-0: Ball
2-0: Ball
3-0: Called Strike
3-1: Fly out, F8 (Flyball, 8LD)
Batting: RHB Jonathon García 0-0: Ball
1-0: Ball
2-0: Called Strike
2-1: Swinging Strike
2-2: Fly out, F5 (Popup, 5L)
Bottom of the 7th over - 0 run(s), 0 hit(s), 0 error(s), 0 left on base; Minnesota 7 - North Carolina State 4
TOP OF THE 8TH
Minnesota Golden Gophers batting - Pitching for North Carolina State Wolfpack : RHP Shawn Roberts
Batting: RHB James Morris 0-0: Ball
1-0: Called Strike
1-1: Called Strike
1-2: Strikes out looking
Batting: LHB Scott Rivera 0-0: Ball
1-0: Called Strike
1-1: Ball
2-1: Ball
3-1: Base on Balls
Batting: RHB Pedro García 0-0: Called Strike
0-1: Ball
1-1: Fly out, F7 (Flyball, 78M)
Batting: RHB Miguel Rodríguez 0-0: Ball
1-0: SINGLE (Groundball, 5) (infield hit)
Scott Rivera to second
Batting: RHB William Elliott 0-0: Ball
1-0: Called Strike
1-1: Foul Ball, location: 2F
1-2: Fly out, F8 (Flyball, 8RM)
Top of the 8th over - 0 run(s), 1 hit(s), 0 error(s), 2 left on base; Minnesota 7 - North Carolina State 4
BOTTOM OF THE 8TH
North Carolina State Wolfpack batting - Pitching for Minnesota Golden Gophers : RHP Hoyt MacGregor
Pitching: RHP Mitch Dawson
Now in LF: Matt Pennington
Batting: RHB Alex Miller 0-0: Hit by Pitch
Batting: RHB Bart Wade 0-0: Foul Ball, location: 2F
0-1: 2-RUN HOME RUN (Flyball, 78XD), Distance : 370 ft
Pitching: RHP Craig Mills
Batting: RHB Roberto Landavazo 0-0: Ball
1-0: Swinging Strike
1-1: Foul Ball, location: 2F
1-2: Strikes out looking
Pitching: LHP Christian Williamson
Batting: LHB Steven Gregory 0-0: Ground out 4-3 (Groundball, 4M)
Batting: LHB Broderick Dempsey 0-0: Foul Ball, location: 2F
0-1: Ground out 4-3 (Groundball, 4)
Bottom of the 8th over - 2 run(s), 1 hit(s), 0 error(s), 0 left on base; Minnesota 7 - North Carolina State 6
TOP OF THE 9TH
Minnesota Golden Gophers batting - Pitching for North Carolina State Wolfpack : RHP Shawn Roberts
Batting: LHB Tony Ayala 0-0: Ball
1-0: Ball
2-0: Foul Ball, location: 2F
2-1: Called Strike
2-2: Fly out, F8 (Flyball, 8LM)
Batting: RHB Mike Martínez 0-0: Called Strike
0-1: Called Strike
0-2: SINGLE (Line Drive, 56D)
Batting: RHB Tim Glendonwyn 0-0: Ball
1-0: Called Strike
1-1: Called Strike
1-2: Strikes out swinging
Batting: RHB Christian Nash 0-0: Ball
1-0: Foul Ball, location: 2F
1-1: Ball
2-1: Swinging Strike
2-2: Ball
3-2: Fly out, F9 (Flyball, 9LS)
Top of the 9th over - 0 run(s), 1 hit(s), 0 error(s), 1 left on base; Minnesota 7 - North Carolina State 6
BOTTOM OF THE 9TH
North Carolina State Wolfpack batting - Pitching for Minnesota Golden Gophers : LHP Christian Williamson
Pitching: RHP Colm Day
Batting: RHB Jorge García 0-0: Called Strike
0-1: Swinging Strike
0-2: Ball
1-2: Ball
2-2: Ball
3-2: Base on Balls
Batting: SHB Joel Clay 0-0: Called Strike
0-1: Ball
1-1: Ball
2-1: Ball
3-1: SINGLE (Groundball, 6) (infield hit)
Jorge García to second
Batting: RHB Kyle Watkins 0-0: Foul Ball, location: 2F
0-1: Called Strike
0-2: Foul Ball, location: 2F
0-2: Strikes out swinging
Batting: RHB Jonathon García 0-0: Ball
1-0: Foul Ball, location: 2F
1-1: Ball
2-1: Ball
3-1: Fly out, F6 (Popup, 6M)
Pinch Hitting: LHB Shawn Joyce 0-0: Ball
1-0: Foul Ball, location: 2F
1-1: Foul Ball, location: 2F
1-2: Ball
2-2: Strikes out swinging
Bottom of the 9th over - 0 run(s), 1 hit(s), 0 error(s), 2 left on base; Minnesota 7 - North Carolina State 6
Thursday, March 30th, 2017 - OOTP Baseball 17.12 Build 75